 Dungeon Crawl Stone Soup version 0.24.0-123-gd5b16e6ec5 (webtiles) character file.

Game seed: 3644418402839450025, levelgen mode: deterministic

18260 Enkuryo the Basher (level 12, -11/78 HPs)
             Began as a Gargoyle Berserker on Jan 16, 2020.
             Was an Elder of Trog.
             Blown up by an orb spider (52 damage)
             ... with an orb of destruction
             ... on level 1 of the Spider Nest.
             The game lasted 01:59:21 (15737 turns).

Enkuryo the Basher (Gargoyle Berserker)            Turns: 15737, Time: 01:59:21

Health: -11/78     AC: 32    Str: 26    XL:     12   Next: 56%
Magic:  0/12       EV: 12    Int:  8    God:    Trog [****..]
Gold:   204        SH:  0    Dex:  9    Spells: 11/11 levels left

rFire    + . .     SeeInvis .   u - +4 great mace (crush)
rCold    . . .     Gourm    .   (shield currently unavailable)
rNeg     + . .     Faith    .   p - +1 chain mail
rPois    ∞         Spirit   +   t - +5 helmet of the Orb {+Blink}
rElec    +         Reflect  .   o - +0 cloak
rCorr    .         Harm     .   y - +0 pair of gloves
MR       .....                  v - +0 pair of boots
Stlth    ..........             f - amulet of guardian spirit
HPRegen  0.23/turn              n - ring of fire
MPRegen  0.13/turn              B - ring of protection from cold

@: no status effects
A: negative energy resistance 1, electricity resistance, unbreathing,
petrification resistance, rot immunity, AC +8
a: Berserk, Trog's Hand, Brothers in Arms, Renounce Religion, Evoke Blink


You were on level 1 of the Spider Nest.
You worshipped Trog.
Trog was greatly pleased with you.
You were not hungry.

You visited 4 branches of the dungeon, and saw 14 of its levels.
You also visited: Sewer.

You collected 686 gold pieces.
You spent 482 gold pieces at shops.

Inventory:

Hand Weapons
 j - the +6 mace "Undertaker" {pain, rF+}
   (You found it on level 6 of the Dungeon)

   In the hands of one skilled in necromantic magic, it inflicts extra damage on
   living creatures.
   It protects you from fire.
 u - a +4 great mace of crushing (weapon)
Armour
 m - the +1 buckler of Kuch {Regen+}
   (You acquired it on level 8 of the Dungeon)

   It increases your rate of regeneration.
 o - a +0 cloak (worn)
 p - a +1 chain mail (worn)
 r - a +0 shield of reflection
 t - the +5 helmet of the Orb (worn) {+Blink}
   (You found it on level 7 of the Dungeon)

   It lets you blink.
 v - a +0 pair of boots (worn)
 y - a +0 pair of gloves (worn)
Jewellery
 f - an amulet of guardian spirit (around neck)
 n - a ring of fire (left hand)
 B - a ring of protection from cold (right hand)
Wands
 w - a wand of scattershot (2)
 z - a wand of iceblast (6)
Scrolls
 b - 3 scrolls of fog
 g - 8 scrolls of teleportation
 h - 6 scrolls of remove curse
 l - 2 scrolls of blinking
 s - a scroll of magic mapping
Potions
 a - 3 potions of brilliance
 d - 3 potions of flight
 i - 5 potions of curing
 k - 2 potions of agility
 q - 2 potions of invisibility
 x - a potion of cancellation
 A - a potion of haste
 C - a potion of might
Comestibles
 c - 10 rations


   Skills:
 + Level 10.4 Fighting
 * Level 12.8 Maces & Flails
 + Level 10.0 Armour
 + Level 7.6 Dodging
 - Level 0.2 Stealth
 - Level 4.0 Shields


You had 11 spell levels left.
You didn't know any spells.
Your spell library was empty.

Dungeon Overview and Level Annotations

Branches:
Dungeon (10/15)            Temple (1/1) D:4            Lair (2/6) D:10
 Shoals (0/4) Lair:2       Spider (1/4) Lair:2        Sewer (visited)
    Orc: D:9-12

Altars:
Ashenzari
Cheibriados
Dithmenos
Elyvilon
Fedhas
Gozag
Hepliaklqana
Kikubaaqudgha
Makhleb
Nemelex Xobeh
Okawaru
Qazlal
Ru
Sif Muna
Trog
Uskayaw
Vehumet
Wu Jian
Xom
Yredelemnul
Zin
The Shining One
Beogh

Shops:
D:6 %(:?(   D:9 %


Innate Abilities, Weirdness & Mutations

You are resistant to torment.
Your stone body is resilient. (AC +8)
You are immune to poison.
You resist negative energy. (rN+)
You are resistant to electric shocks. (rElec)
You can survive without breathing.
You are immune to petrification.
You are immune to rotting.


Message History

The orb of destruction hits you!!!
The orb spider begins to weave its threads into a brightly glowing ball.
The jumping spider leaps!
The jumping spider closely misses you.
The jumping spider completely misses you.
You bludgeon the jumping spider!!
You kill the jumping spider!
Trog accepts your kill.
The orb spider weaves a glowing orb of energy.
An orb of destruction comes into view.
The orb spider spins a strand of pure energy.
You see here 24 gold pieces.
The orb of destruction hits you!!
* * * LOW HITPOINT WARNING * * *
The orb spider weaves a glowing orb of energy.
An orb of destruction comes into view.
You feel much better. The orb of destruction hits you!!!
Ouch! That really hurt!
You die...

........................##.....
........................#......
.......................##......
..........○...........##.......
.........s○......(....#........
...........○..........#........
............○.........##.......
...........$○.........#......(.
..........!$.○@...#...#...(....
..................#...##.......
................####...........
...............## ##...........
..........$...## #............
#....?........# #............#
#........^..### #...#.####.....
......# ##^###......##. ##
#....#####


You could see an orb spider.

Vanquished Creatures
  Donald (Spider:1)
  A hydra (Lair:1)
  A two-headed ogre (D:9)
  2 orb spiders (Spider:1)
  A wolf spider (Spider:1)
  A merfolk siren (Lair:2)
  Joseph (Lair:1)
  4 spiny frogs (Lair:1)
  A rime drake (Lair:1)
  A demonic crawler (Spider:1)
  A komodo dragon (Lair:2)
  5 jumping spiders
  A merfolk (Lair:2)
  A troll (D:9)
  3 blink frogs (Lair:2)
  A hippogriff (Lair:1)
  2 hornets
  Prince Ribbit (D:6)
  13 redbacks
  5 wyverns
  2 tarantellas (Spider:1)
  A hungry ghost (D:10)
  Edmund (D:6)
  5 porcupines (Lair:1)
  4 ice beasts
  6 water moccasins (Lair:1)
  Duvessa (D:6)
  5 orc warriors
  A sky beast (D:6)
  4 centaurs
  2 crocodiles (Lair:1)
  Blork the orc (D:6)
  7 bullfrogs
  2 big kobolds
  A water moccasin zombie (D:5)
  Dowan (D:6)
  A scorpion (D:7)
  4 killer bees (D:10)
  5 wights (D:6)
  2 electric eels (Lair:2)
  3 howler monkeys
  5 crimson imps
  2 quasits
  2 centaur zombies
  4 hounds
  2 jellies
  9 orc priests
  2 centaur skeletons
  8 orc wizards
  2 bullfrog skeletons
  Terence (D:2)
  4 worker ants
  2 killer bee zombies
  2 howler monkey zombies (D:8)
  8 gnolls (D:5)
  7 adders
  4 river rats (Sewer)
  3 shadow imps
  2 oozes
  2 adder zombies
  2 adder skeletons
  A worm (D:4)
  5 dart slugs
  3 leopard geckos
  56 orcs
  3 ball pythons
  6 bats
  12 giant cockroaches
  7 goblins
  9 hobgoblins
  10 jackals
  2 quokkas
  17 frilled lizards
  16 kobolds
  A leopard gecko zombie (D:5)
  15 rats
  3 fungi
  A plant (Lair:1)
346 creatures vanquished.

Vanquished Creatures (others)
  A fungus (Lair:1)
1 creature vanquished.

Grand Total: 347 creatures vanquished

Notes
Turn   | Place    | Note
-------+----------+-------------------------------------------
     0 | D:1      | Enkuryo the Gargoyle Berserker began the quest for the Orb.
     0 | D:1      | Reached XP level 1. HP: 14/14 MP: 1/1
   202 | D:1      | Reached XP level 2. HP: 10/19 MP: 2/2
  1187 | D:1      | Reached ** piety under Trog
  1187 | D:1      | Reached XP level 3. HP: 24/24 MP: 3/3
  1555 | D:2      | You fall into a shaft and drop 1 floor!
  1581 | D:2      | Noticed Terence
  1598 | D:2      | Killed Terence
  1598 | D:2      | Reached skill level 4 in Maces & Flails
  1598 | D:2      | Reached XP level 4. HP: 23/29 MP: 4/4
  2284 | D:3      | Reached XP level 5. HP: 16/33 MP: 2/5
  2484 | D:3      | Found a bloodstained altar of Trog.
  2578 | D:3      | Reached *** piety under Trog
  2613 | D:3      | Found a roughly hewn altar of Beogh.
  3289 | D:3      | Found a shattered altar of Ashenzari.
  3289 | D:3      | Found a snail-covered altar of Cheibriados.
  3673 | D:4      | Reached XP level 6. HP: 39/39 MP: 6/6
  3753 | D:4      | Reached skill level 5 in Maces & Flails
  3984 | D:4      | Found a staircase to the Ecumenical Temple.
  4053 | Temple   | Entered the Ecumenical Temple
  4871 | D:5      | Entered Level 5 of the Dungeon
  4919 | D:5      | Noticed a hornet
  4934 | D:5      | Killed a hornet
  4934 | D:5      | Reached skill level 5 in Fighting
  4934 | D:5      | Reached XP level 7. HP: 19/44 MP: 2/7
  5186 | D:5      | Reached skill level 6 in Maces & Flails
  5375 | D:5      | Reached XP level 8. HP: 47/50 MP: 6/8
  5421 | D:5      | Reached **** piety under Trog
  5464 | D:5      | Found a shadowy altar of Dithmenos.
  5764 | D:5      | Reached skill level 7 in Maces & Flails
  5764 | D:5      | Reached skill level 5 in Armour
  6451 | D:6      | Found a glowing drain.
  6474 | D:6      | Got a crystal mace
  6475 | D:6      | Identified the +6 mace "Undertaker" {pain, rF+} (You found
                  | it on level 6 of the Dungeon)
  6483 | D:6      | Found Xizigg's Antique Weapon Emporium.
  6485 | Sewer    | Entered a sewer
  6901 | D:6      | Bought a glowing mace for 162 gold pieces
  6944 | D:6      | Noticed Prince Ribbit
  6960 | D:6      | Killed Prince Ribbit
  7225 | D:6      | Noticed Edmund
  7226 | D:6      | Noticed Duvessa
  7237 | D:6      | Noticed Dowan
  7249 | D:6      | Killed Edmund
  7254 | D:6      | Found Gosm's Magic Scroll Shop.
  7254 | D:6      | Noticed Blork the orc
  7264 | D:6      | Killed Blork the orc
  7264 | D:6      | Reached ***** piety under Trog
  7285 | D:6      | Reached XP level 9. HP: 52/56 MP: 9/9
  7310 | D:6      | Got a crude dagger
  7311 | D:6      | Identified the +5 dagger of Dim Light {freeze, +Rage rPois
                  | rC+} (You found it on level 6 of the Dungeon)
  7427 | D:6      | Found Anet's Book Shop.
  7460 | D:6      | Killed Dowan
  7466 | D:6      | Killed Duvessa
  7466 | D:6      | Reached skill level 8 in Maces & Flails
  7489 | D:6      | Found a shadowy altar of Dithmenos.
  7642 | D:6      | Found Olunen's Food Shoppe.
  8162 | D:6      | Found Ulomutus's Weapon Shop.
  8349 | D:6      | Bought 3 scrolls of identify for 84 gold pieces
  8349 | D:6      | Bought a scroll of identify for 28 gold pieces
  8349 | D:6      | Bought a scroll of identify for 28 gold pieces
  8925 | D:7      | Got an ancient helmet
  8926 | D:7      | Identified the +5 helmet of the Orb {+Blink} (You found it
                  | on level 7 of the Dungeon)
  9589 | D:7      | Reached skill level 9 in Maces & Flails
  9925 | D:8      | Received a gift from Trog
  9925 | D:8      | Reached skill level 5 in Dodging
  9968 | D:8      | Reached XP level 10. HP: 34/63 MP: 3/10
 10462 | D:8      | Identified a scroll of acquirement
 10465 | D:8      | Got a pitted buckler
 10471 | D:8      | Identified the +1 buckler of Kuch {Regen+} (You acquired it
                  | on level 8 of the Dungeon)
 10901 | D:9      | Found a roughly hewn altar of Beogh.
 10925 | D:9      | Reached skill level 1 in Shields
 11298 | D:9      | Found Tust's Food Emporium.
 11327 | D:9      | Noticed a two-headed ogre
 11340 | D:9      | Killed a two-headed ogre
 11340 | D:9      | Reached skill level 10 in Maces & Flails
 11641 | D:9      | Bought a ration for 60 gold pieces
 11641 | D:9      | Bought a ration for 60 gold pieces
 11641 | D:9      | Bought a ration for 60 gold pieces
 11702 | D:10     | Entered Level 10 of the Dungeon
 11970 | D:10     | Found a staircase to the Lair.
 12038 | D:10     | Received a gift from Trog
 12651 | Lair:1   | Entered Level 1 of the Lair of Beasts
 12732 | Lair:1   | Reached XP level 11. HP: 59/69 MP: 9/11
 13123 | Lair:1   | Reached skill level 11 in Maces & Flails
 13529 | Lair:1   | Noticed Joseph
 13541 | Lair:1   | Killed Joseph
 13643 | Lair:1   | Noticed a seven-headed hydra
 13657 | Lair:1   | Killed a seven-headed hydra
 14374 | Lair:2   | Found a staircase to the Shoals.
 14459 | Lair:2   | Found a hole to the Spider Nest.
 14601 | Spider:1 | Entered Level 1 of the Spider Nest
 14614 | Spider:1 | Reached skill level 12 in Maces & Flails
 14625 | Spider:1 | Reached XP level 12. HP: 57/77 MP: 9/12
 14787 | Spider:1 | Reached skill level 10 in Fighting
 15101 | Spider:1 | Noticed Donald
 15118 | Spider:1 | Killed Donald
 15516 | Spider:1 | Reached skill level 10 in Armour
 15737 | Spider:1 | Blown up by an orb spider

Levels and vault maps discovered:
D:1:      dpeg_cavernosity, layout_basic
D:2:      layout_rooms, uniq_terence
D:3:      layout_rooms, bloody_trog, gammafunk_temple_overflow_elements,
          first_ration, serial_rivers, chequers_serial_rivers_micro_b,
          chequers_serial_rivers_room_b, chequers_serial_rivers_room_b,
          chequers_serial_rivers_small_b, chequers_serial_rivers_room_b,
          kennysheep_orc_chapel
D:4:      layout_gridville, minmay_temple_entry_crystal_x
D:5:      layout_basic, nicolae_dithmenos_the_darkroom
D:6:      layout_loops_corners, lemuel_doored_altar, serial_shops,
          kennysheep_mini_moat, shop, nicolae_shop_stone,
          nicolae_shop_window_shopping, shop, portal_sewer_entry_f,
          corexii_item_surrounded_by_moat, uniq_duvessa, uniq_prince_ribbit1,
          uniq_blork_the_orc, uniq_edmund
D:7:      layout_basic, serial_rivers, chequers_serial_rivers_small_3,
          chequers_serial_rivers_micro_a, chequers_serial_rivers_room_b,
          chequers_serial_rivers_large_a, chequers_serial_rivers_large_b,
          hangedman_decor_diamond_cutter
D:8:      layout_cave_pools
D:9:      layout_loops_ring, serial_shops, nicolae_shop_statue_plus,
          special_room [special_room_orc]
D:10:     layout_irregular_city, lair_entry_dummy
Temple:   eino_narrow_crystal_temple
Lair:1:   layout_small_grid, beast_lair_carwin_6, grunt_megastairs_3,
          uniq_joseph
Lair:2:   layout_cave_pods, elwin_shoals_entry_rooms, spider_nest_entry_a,
          zaba_antful_of_joy, lemuel_fruit_fields
Spider:1: layout_spider_delve, uniq_frances, uniq_rupert, uniq_donald

Skill      XL: |  1  2  3  4  5  6  7  8  9 10 11 12 |
---------------+-------------------------------------+-----
Maces & Flails | 4 5 6 7 9 10 12 | 12.8
Dodging        | 2 3 4 5 6 7 |  7.6
Fighting       | 4 5 6 7 8 9 10 | 10.4
Armour         | 3 4 5 6 8 9 10 | 10.0
Shields        | 3 4 |  4.0
Stealth        | |  0.2

Action                   |  1- 3 |  4- 6 |  7- 9 | 10-12 || total
-------------------------+-------+-------+-------+-------++-------
Melee: Mace              |   123 |   190 |   488 |   343 ||  1144
       Great mace        |       |       |       |   209 ||   209
Invok: Berserk           |       |     5 |     5 |     4 ||    14
       Trog's Hand       |       |       |     1 |     1 ||     2
       Brothers in Arms  |       |       |       |     1 ||     1
  Use: Scroll            |     4 |     6 |    10 |    12 ||    32
       Potion            |     2 |     2 |     1 |     6 ||    11
 Stab: Sleeping          |     1 |       |       |       ||     1
  Eat: Chunk             |     2 |     8 |     6 |    12 ||    28
       Ration            |       |     2 |     5 |     6 ||    13
Armor: Animal skin       |    17 |       |       |       ||    17
       Scale mail        |    31 |     6 |       |       ||    37
       Chain mail        |       |   128 |   314 |   439 ||   881
Dodge: Dodged            |    70 |    83 |   258 |   282 ||   693
Block: Buckler           |       |       |       |    76 ||    76
